General information
- name: BNet
- type: Ladder team game (AT/RT)
- host: Battle.net
- saver: TIMG4STRok
map: PhantomGrove
- players: 4
- length: 12:48
- speed: Fast
- version: 1.21 W3XP
- replay type:

» download(82 KB)
Players
team 1 (winner)

»
iggy_the_fisk (
red | 117 APM | 1492 actions | 12:47)
4 Demon Hunter
2 Mana Burn
2 Evasion
4 Pandaren Brewmaster
2 Breath of Fire
1 Drunken Haze
1 Drunken Brawler
» actions
| Assign group hotkey | 112 | |
| Basic commands | 7 | |
| Build / train | 62 | |
| Enter build submenu | 11 | |
| Enter hero's abilities submenu | 9 | |
| Right click | 746 | |
| Select / deselect | 230 | |
| Select group hotkey | 232 | |
| Use ability | 83 | |
1492 total
» units
| Wisp | 10 | |
| Archer | 9 | |
| Druid of the Claw | 6 | |
| Dryad | 3 | |
28 total
» upgrades
| Druid of the Claw Training | 2 | |
| Abolish Magic | 1 | |
3 total
» buildings
| Altar of Elders | 1 | |
| Moon Well | 5 | |
| Ancient of War | 1 | |
| Tree of Ages | 4 | |
| Hunter's Hall | 1 | |
| Ancient of Lore | 2 | |
| Ancient of Wonders | 1 | |
| Tree of Eternity | 5 | |
20 total
» build order
00:04 Altar of Elders
00:17 Moon Well
00:32 Ancient of War
01:42 Moon Well
02:33 Tree of Ages
02:33 Tree of Ages
02:33 Tree of Ages
03:29 Moon Well
03:31 Hunter's Hall
05:09 Ancient of Lore
06:13 Ancient of Lore
06:33 Ancient of Wonders
07:06 Tree of Eternity
07:06 Tree of Eternity
07:07 Tree of Eternity
07:07 Tree of Eternity
08:48 Moon Well
12:38 Moon Well
» items
| Healing Salve | 2 | |
| Scroll of Town Portal | 1 | |
| Lesser Clarity Potion | 2 | |
5 total

»
TIMG4STRok (
blue | 150 APM | 1924 actions | 12:48)
4 Blademaster
2 Wind Walk
2 Critical Strike
2 Shadow Hunter
1 Hex
1 Healing Wave
» actions
| Assign group hotkey | 29 | |
| Basic commands | 56 | |
| Build / train | 44 | |
| ESC pressed | 3 | |
| Enter build submenu | 10 | |
| Enter hero's abilities submenu | 6 | |
| Right click | 992 | |
| Select / deselect | 156 | |
| Select group hotkey | 576 | |
| Use ability | 52 | |
1924 total
» units
| Peon | 6 | |
| Grunt | 13 | |
| Raider | 4 | |
| Demolisher | 1 | |
24 total
» upgrades
| Berserker Strength | 1 | |
| Ensnare | 1 | |
| Pillage | 1 | |
3 total
» buildings
| Altar of Storms | 1 | |
| Orc Burrow | 5 | |
| Barracks | 1 | |
| Voodoo Lounge | 1 | |
| Stronghold | 1 | |
| Beastiary | 1 | |
| War Mill | 1 | |
| Fortress | 1 | |
12 total
» build order
00:05 Altar of Storms
00:18 Orc Burrow
00:39 Barracks
01:35 Orc Burrow
02:00 Voodoo Lounge
03:26 Stronghold
03:43 Orc Burrow
05:59 Beastiary
07:51 Orc Burrow
09:52 Orc Burrow
09:53 War Mill
12:01 Fortress
» items
| Healing Salve | 2 | |
| Lesser Clarity Potion | 3 | |
| Scroll of Town Portal | 1 | |
6 total
team 2 (loser)
R.O.DD (
purple | 86 APM | 1092 actions | 12:44)
2 Death Knight
1 Death Coil
1 Unholy Aura
2 Lich
1 Frost Nova
1 Frost Armor
» actions
| Assign group hotkey | 26 | |
| Basic commands | 10 | |
| Build / train | 44 | |
| ESC pressed | 2 | |
| Enter build submenu | 13 | |
| Enter hero's abilities submenu | 5 | |
| Give item / drop item | 3 | |
| Right click | 526 | |
| Select / deselect | 259 | |
| Select group hotkey | 126 | |
| Use ability | 78 | |
1092 total
» units
| Acolyte | 2 | |
| Ghoul | 1 | |
| Crypt Fiend | 17 | |
| Obsidian Statue | 1 | |
21 total
» buildings
| Graveyard | 1 | |
| Crypt | 2 | |
| Ziggurat | 3 | |
| Altar of Darkness | 1 | |
| Tomb of Relics | 1 | |
| Halls of the Dead | 1 | |
| Slaughterhouse | 1 | |
| Black Citadel | 2 | |
12 total
» build order
00:08 Graveyard
00:21 Crypt
00:33 Ziggurat
00:51 Altar of Darkness
01:05 Tomb of Relics
02:06 Ziggurat
03:56 Halls of the Dead
05:56 Ziggurat
07:45 Slaughterhouse
09:42 Crypt
11:58 Black Citadel
» items
| Rod of Necromancy | 3 | |
| Potion of Healing | 1 | |
| Potion of Mana | 2 | |
| Scroll of Town Portal | 1 | |
7 total
Sharrakkor (
yellow | 122 APM | 1553 actions | 12:46)
3 Archmage
2 Summon Water Elemental
1 Brilliance Aura
1 Death Knight
1 Unholy Aura
1 Lich
1 Frost Armor
» actions
| Assign group hotkey | 22 | |
| Basic commands | 20 | |
| Build / train | 79 | |
| ESC pressed | 5 | |
| Enter build submenu | 15 | |
| Enter hero's abilities submenu | 5 | |
| Give item / drop item | 1 | |
| Right click | 541 | |
| Select / deselect | 315 | |
| Select group hotkey | 477 | |
| Use ability | 73 | |
1553 total
» units
» upgrades
» buildings
| Altar of Kings | 1 | |
| Barracks | 1 | |
| Farm | 4 | |
| Town Hall | 1 | |
| Scout Tower | 6 | |
| Arcane Vault | 1 | |
| Arcane Tower | 1 | |
| Lumber Mill | 1 | |
| Guard Tower | 2 | |
18 total
» build order
00:06 Altar of Kings
00:20 Barracks
00:35 Farm
01:13 Farm
01:54 Farm
02:02 Farm
03:59 Town Hall
06:00 Scout Tower
06:01 Scout Tower
06:01 Scout Tower
06:02 Scout Tower
06:26 Arcane Vault
06:52 Arcane Tower
07:01 Lumber Mill
07:43 Guard Tower
09:31 Scout Tower
09:32 Scout Tower
11:28 Guard Tower
Chat log
(00:21 / All) TIMG4STRok: gl hf
(12:45 / All) TIMG4STRok: gg